 Dungeon Crawl Stone Soup version 0.17.1-3-g152610e (webtiles) character file.

592 Gargoyl the Skirmisher (level 7, -7/56 HPs)
             Began as a Demonspawn Abyssal Knight on Mar 11, 2016.
             Was a Believer of Lugonu.
             Mangled by Menkaure (11 damage)
             ... on level 4 of the Dungeon.
             The game lasted 00:12:32 (5519 turns).

Gargoyl the Skirmisher (Demonspawn Abyssal Knight)  Turns: 5519, Time: 00:12:32

Health: -7/56      AC: 13    Str: 14      XL:     7   Next: 16%
Magic:  9/9        EV:  6    Int: 14      God:    Lugonu [**....]
Gold:   135        SH:  0    Dex: 11 (12) Spells: 0 memorised, 6 levels left

rFire  + . .     SeeInvis .     a - +1 hand axe
rCold  . . .     Clarity  .     j - +0 chain mail
rNeg   . . .     SustAt   .     (no shield)
rPois  .         Gourm    .     i - +0 helmet
rElec  .         Spirit   .     (no cloak)
rCorr  .         Warding  .     (no gloves)
rMut   .         Stasis   .     (no boots)
MR     .....                    (no amulet)
Stlth  ..........               (no ring)
                                (no ring)

@: slowed, very slow, not resistant to hostile enchantments, extremely
unstealthy
A: molten scales 2, fire resistance 1, mutation resistance 1, nightstalker 1,
sense surroundings 1
a: Depart the Abyss, Bend Space, Renounce Religion


You were on level 4 of the Dungeon.
You worshipped Lugonu.
Lugonu was pleased with you.
You were hungry.

You visited 1 branch of the dungeon, and saw 4 of its levels.
You visited the Abyss 1 time.

You collected 135 gold pieces.

Inventory:

Hand Weapons
 a - a +1 hand axe (weapon)
 n - a +1 flail of crushing
Armour
 i - a +0 helmet (worn)
 j - a +0 chain mail (worn)
Wands
 u - a wand of digging (13)
 v - a wand of magic darts (15)
Scrolls
 d - 2 scrolls of remove curse {unknown}
 e - 2 scrolls of magic mapping {unknown}
 g - 2 scrolls of recharging {unknown}
 l - 3 scrolls of enchant armour {unknown}
 m - a scroll of immolation {unknown}
 o - 3 scrolls of identify {unknown}
 r - a scroll of fog {unknown}
 s - a scroll of enchant weapon {unknown}
 x - a scroll of amnesia {unknown}
Potions
 b - a potion of mutation
 k - a potion of degeneration
Comestibles
 c - 3 bread rations
 t - a meat ration


   Skills:
 + Level 5.0 Fighting
 + Level 3.3 Axes
 + Level 4.2 Armour
 + Level 2.9 Dodging
 + Level 1.1 Stealth
 + Level 3.0 Invocations


You had 6 spell levels left.
You didn't know any spells.

Dungeon Overview and Level Annotations

Branches:
Dungeon (4/15)
 Temple: D:4-7

Altars:
Dithmenos
Elyvilon
Fedhas
Kikubaaqudgha
Ru
Trog
The Shining One

Annotations:
D:4 Menkaure


Innate Abilities, Weirdness & Mutations

You are mostly covered in molten scales (AC +3, EV -1).
You are slightly more attuned to the shadows.
Your flesh is heat resistant.
You are somewhat resistant to further mutation.
You passively map a small area around you.


Message History

Crazy Yiuf is almost dead.
Crazy Yiuf barely misses you.
You hit Crazy Yiuf.
You kill Crazy Yiuf!
Lugonu accepts your kill.
Your Fighting skill increases to level 5!
Menkaure sighs a few words.
Menkaure gestures at you while chanting.
You struggle to resist.
Okay, then.
You hit Menkaure but do no damage. Menkaure completely misses you.
You hit Menkaure.
Menkaure is lightly damaged.
Menkaure calls on the powers of darkness!
Your body is wracked with pain!
* * * LOW HITPOINT WARNING * * *
You slash Menkaure!
Menkaure is moderately damaged.
Menkaure hits you but does no damage. Menkaure hits you!
You die...

# #.## , #..# * * *
##.# * *** #.# #.###.#
* #########......
###**###.#.....#####.#
#...##..#.......####.#
#...M@####.........#.#
#)..### ##....##....#
###** ######.#.###
##.##.# #.###.# ###
########## #.#
#.###.##.#.#####.#
#....<^..#.......#
#####.############


You could see Menkaure.

Vanquished Creatures
  The ghost of stigbert the Cudgeler, an amateur MiBe of Trog (D:4)
  An ogre (D:4)
  A giant frog skeleton (D:4)
  Crazy Yiuf (D:4)
  Ijyb (D:3)
  2 worker ants (D:4)
  Terence (D:3)
  An iguana (D:4)
  An orc wizard (D:4)
  Robin (D:4)
  5 adders (D:2)
  An ooze (D:2)
  A worm (D:4)
  2 giant geckos
  8 orcs (D:4)
  2 ball pythons
  4 bats
  8 hobgoblins
  3 jackals (D:3)
  7 kobolds
  2 giant cockroaches
  4 giant newts
  12 goblins
  4 quokkas
  7 rats
81 creatures vanquished.

Notes
Turn   | Place    | Note
--------------------------------------------------------------
     0 | Abyss:1  | Gargoyl the Demonspawn Abyssal Knight began the quest for the Orb.
     0 | Abyss:1  | Reached XP level 1. HP: 18/18 MP: 2/2
    66 | Abyss:1  | Noticed a small abomination
    74 | D:1      | Escaped the Abyss
   136 | D:1      | Reached * piety under Lugonu
   657 | D:1      | Gained mutation: You are partially covered in molten scales (AC +1). [demonic ancestry]
   657 | D:1      | Reached XP level 2. HP: 24/24 MP: 3/3
   678 | D:1      | Reached skill level 1 in Dodging
  1018 | D:2      | Found a glowing golden altar of the Shining One.
  1018 | D:2      | Found a sacrificial altar of Ru.
  1019 | D:2      | Found a white marble altar of Elyvilon.
  1031 | D:2      | Found a bloodstained altar of Trog.
  1135 | D:2      | Reached XP level 3. HP: 21/29 MP: 3/5
  1408 | D:1      | HP: 1/29 [poisoned by an adder]
  2332 | D:2      | Reached XP level 4. HP: 36/36 MP: 6/6
  2717 | D:3      | Noticed Ijyb
  2737 | D:3      | Killed Ijyb
  2841 | D:3      | Reached ** piety under Lugonu
  3041 | D:3      | Noticed Terence
  3051 | D:3      | Killed Terence
  3051 | D:3      | Gained mutation: You are mostly covered in molten scales (AC +3, EV -1). [demonic ancestry]
  3051 | D:3      | Reached XP level 5. HP: 38/42 MP: 7/7
  3526 | D:4      | Reached skill level 4 in Fighting
  4210 | D:4      | Noticed an ogre
  4432 | D:3      | Gained mutation: Your flesh is heat resistant. [potion of beneficial mutation]
  4433 | D:3      | Gained mutation: You are somewhat resistant to further mutation. [potion of beneficial mutation]
  4444 | D:4      | Reached XP level 6. HP: 34/49 MP: 8/8
  4444 | D:4      | Killed an ogre
  4674 | D:4      | Noticed stigbert's ghost (amateur MiBe)
  4704 | D:4      | Killed stigbert's ghost
  4704 | D:4      | Reached skill level 1 in Stealth
  4706 | D:4      | Found a blossoming altar of Fedhas.
  4836 | D:4      | Found an ancient bone altar of Kikubaaqudgha.
  4840 | D:4      | Found a shadowy altar of Dithmenos.
  5004 | D:4      | Gained mutation: You are slightly more attuned to the shadows. [demonic ancestry]
  5004 | D:4      | Reached XP level 7. HP: 49/55 MP: 9/9
  5180 | D:4      | Noticed Robin
  5219 | D:4      | Killed Robin
  5499 | D:4      | Noticed Crazy Yiuf
  5501 | D:4      | Noticed Menkaure
  5510 | D:4      | Gained mutation: You passively map a small area around you. [potion of mutation]
  5516 | D:4      | Killed Crazy Yiuf
  5516 | D:4      | Reached skill level 5 in Fighting
  5519 | D:4      | Mangled by Menkaure

Action                   |  1- 3 |  4- 6 |  7- 9 || total
-------------------------+-------+-------+-------++-------
Melee: Hand axe          |   116 |   203 |   100 ||   419
Invok: Depart the Abyss  |     1 |       |       ||     1
  Use: Potion            |       |     9 |     1 ||    10
  Eat: Chunk             |     5 |     2 |     2 ||     9
       Fruit             |       |     5 |       ||     5
       Beef jerky        |       |     1 |       ||     1
